[Event "*** SCC Grand Prix: Titled Tuesday Blitz"]
[Site "Chess.com"]
[Date "2020.06.02"]
[Round "6"]
[White "SCIM"]
[Black "MNyuyu"]
[Result "1-0"]
[WhiteElo "2501"]
[BlackElo "2277"]
[TimeControl "180+1"]
[EndTime "11:07:49 PDT"]
[Termination "SCIM won by checkmate"]

1. d4 d5 2. c4 e6 3. Nf3 Be7 4. g3 Nf6 5. Bg2 O-O 6. O-O dxc4 7. Qc2 a6 8. a4 Bd7 9. Qxc4 Bc6 10. Bg5 Bd5 11.
Qc2 Be4 12. Qd1 c5 13. Nc3 Bc6 14. dxc5 Qxd1 15. Rfxd1 Bxc5 16. Bxf6 gxf6 17. Nd4 Bxd4 18. Rxd4 Bxg2 19. Kxg2 Nc6 20. Rd7 Rab8 21. Ne4 Kg7 22.
Nc5 Rfe8 23. f4 e5 24. f5 e4 25. Nxb7 Re7 26. Rxe7 Nxe7 27. Nc5 Rxb2 28. Kf2 a5 29. g4 Rb4 30. Rc1 Nd5 31. Rd1 e3+ 32. Kf3 Nc3 33. Rd7 Nxa4 34. Ne6+ Kh6 35. Rxf7 Nc3 36.
Rxf6# 1-0

[Event "*** SCC Grand Prix: Titled Tuesday Blitz"]
[Site "Chess.com"]
[Date "2020.06.02"]
[Round "6"]
[White "Jojo_1608"]
[Black "Thipsay"]
[Result "0-1"]
[WhiteElo "2172"]
[BlackElo "2458"]
[TimeControl "180+1"]
[EndTime "11:07:50 PDT"]
[Termination "Thipsay won by resignation"]

1. d4 Nf6 2. c4 g6 3. Nc3 Bg7 4. Nf3 d6 5. Bg5 h6 6. Bh4 c5 7. e3 g5 8. Bg3 Nh5 9. Be2 Qa5 10. Qc2 Nxg3 11. hxg3 g4 12. Nd2 cxd4 13. exd4 Bxd4 14. Nb5 Bg7 15. Qe4 f5 16. Nxd6+ Kf8 17. Nxb7 Qxd2+ 18. Kxd2 fxe4 19. Nc5 Bxb2 20. Rab1 Bg7 21. Ke3 Nd7 22. Ne6+ Kf7 23. Nc7 Rb8 24. Bxg4 Rxb1 25. Rxb1 Nf6 26. Be2 h5 27. c5 Bh6+ 28. Kd4 Rd8+ 29. Kc3 Bd2+ 30.
Kb3 Ba5 31. Nb5 Be6+ 32. Ka4 Rd2 33. Kxa5 Rxa2+ 34. Kb4 Rxe2 35. Nxa7 Nd5+ 36. Kb5 Nc3+ 0-1

[Event "*** SCC Grand Prix: Titled Tuesday Blitz"]
[Site "Chess.com"]
[Date "2020.06.02"]
[Round "6"]
[White "gemarin"]
[Black "eCztery"]
[Result "1-0"]
[WhiteElo "2033"]
[BlackElo "2351"]
[TimeControl "180+1"]
[EndTime "11:07:50 PDT"]
[Termination "gemarin won by resignation"]

1. d4 d5 2. c4 e6 3. Nc3 Nf6 4. Nf3 Bb4 5. Qa4+ Nc6 6. Ne5 Bxc3+ 7. bxc3 O-O 8. Nxc6 bxc6 9. Qxc6 Rb8 10. cxd5 exd5 11. Bg5 Rb6 12. Bxf6 gxf6 13. Qc5 Ba6 14. e3 Qb8 15.
Bxa6 Rb1+ 16. Ke2 Qb2+ 17. Kf3 Rxa1 18. Rxa1 Qxa1 19. Qxd5 Qxc3 20. Bc4 Qc2 21. Qc5 f5 22. Bxf7+ Rxf7 23. Qxc2 Kg7 24. Qc5 a6 25. Qc6 a5 26.
a4 Re7 27. Qc5 Re6 28. Qxa5 Kf6 29. Qc5 c6 30. a5 h5 31. a6 f4 32. a7 fxe3 33.
fxe3 Kg6 34. a8=Q Rf6+ 35. Ke2 1-0

[Event "*** SCC Grand Prix: Titled Tuesday Blitz"]
[Site "Chess.com"]
[Date "2020.06.02"]
[Round "6"]
[White "mr65"]
[Black "HouseOfDurin"]
[Result "1-0"]
[WhiteElo "2151"]
[BlackElo "1982"]
[TimeControl "180+1"]
[EndTime "11:07:52 PDT"]
[Termination "mr65 won by resignation"]

1. e4 c5 2. d4 cxd4 3. c3 dxc3 4. Nxc3 Nc6 5. Nf3 d6 6. Bc4 e6 7. O-O Be7 8. Qe2 Nf6 9. Rd1 Qa5 10. Bf4 e5 11. Bg5 Bg4 12. Bxf6 gxf6 13. h3 Bh5 14. g4 Bg6 15. Nh4 Nd4 16. Rxd4 exd4 17. Nd5 Kf8 18.
f4 h5 19. Nf3 hxg4 20. hxg4 Rg8 21. Kf2 Rc8 22. f5 Qc5 23. Bd3 Bh7 24. Rh1 Rg7 25. g5 fxg5 26. f6 Bxf6 27. Nxf6 Bg6 28.
Nd7+ 1-0

[Event "*** SCC Grand Prix: Titled Tuesday Blitz"]
[Site "Chess.com"]
[Date "2020.06.02"]
[Round "6"]
[White "rase"]
[Black "Bulldog167"]
[Result "1-0"]
[WhiteElo "2604"]
[BlackElo "2751"]
[TimeControl "180+1"]
[EndTime "11:07:53 PDT"]
[Termination "rase won by checkmate"]

1. e4 c6 2. a4 d5 3. Nc3 Nf6 4. e5 Nfd7 5. f4 g6 6. Nf3 Bg7 7. d4 O-O 8. Be3 Nb6 9. b3 Bg4 10. h3 Bxf3 11. Qxf3 f6 12. Qg3 fxe5 13. fxe5 N6d7 14. h4 c5 15. Nxd5 cxd4 16. Bxd4 Qa5+ 17. Bc3 Qc5 18. Bc4 Kh8 19. h5 gxh5 20. O-O-O Nc6 21.
Rxh5 e6 22. Rdh1 Kg8 23. Rxh7 Rf7 24. Rh8# 1-0

[Event "*** SCC Grand Prix: Titled Tuesday Blitz"]
[Site "Chess.com"]
[Date "2020.06.02"]
[Round "6"]
[White "Skatchkov_V"]
[Black "AGW2016"]
[Result "1-0"]
[WhiteElo "2547"]
[BlackElo "2317"]
[TimeControl "180+1"]
[EndTime "11:07:53 PDT"]
[Termination "Skatchkov_V won by resignation"]

1. Nf3 Nf6 2. g3 g6 3. Bg2 Bg7 4. d4 O-O 5. O-O d6 6. c4 c5 7. Nc3 Nc6 8. d5 Na5 9. Qd3 a6 10. b3 Rb8 11. Bb2 Bd7 12. Nd2 b5 13. Rab1 Qc7 14.
e4 Ng4 15. h3 Ne5 16. Qe2 bxc4 17. bxc4 Rb4 18. a3 Rxc4 19. f4 Rxc3 20. Bxc3 Nec4 21. Bxg7 Kxg7 22. Nxc4 Bb5 23. Qb2+ f6 24. Nxa5 Qxa5 25. Rfc1 h5 26. Qc3 Qa4 27. Qb3 Qd4+ 28. Kh2 h4 29. gxh4 Qf2 30. Qg3 Qd2 31. h5 g5 32. Rd1 Qxf4 33.
Qxf4 gxf4 34. Bf3 Kh6 35. Rg1 c4 36. Rg6+ Kh7 37. Rbg1 c3 38. Rg7+ Kh8 39. h6 c2 40.
Bg4 f5 41. Bxf5 Rxf5 42. exf5 f3 43. Kg3 Be2 44. Rxe7 Bd1 45. Rc7 f2 46. Kxf2 c1=Q 47. Rxc1 1-0

[Event "*** SCC Grand Prix: Titled Tuesday Blitz"]
[Site "Chess.com"]
[Date "2020.06.02"]
[Round "6"]
[White "kudesnik84"]
[Black "Savagelittlemole"]
[Result "0-1"]
[WhiteElo "2375"]
[BlackElo "2585"]
[TimeControl "180+1"]
[EndTime "11:07:54 PDT"]
[Termination "Savagelittlemole won on time"]

1. e4 c5 2. Nf3 d6 3. Bb5+ Nd7 4. O-O a6 5. Bxd7+ Bxd7 6. c4 Nf6 7. Nc3 g6 8. d4 cxd4 9. Nxd4 Bg7 10. b3 O-O 11. f3 Rc8 12. a4 Qb6 13. Be3 Qb4 14. Nde2 b5 15. axb5 axb5 16. Nxb5 Bxb5 17. cxb5 Qxb5 18.
Ra7 Rfe8 19. Nd4 Qb4 20. Ra4 Qb7 21. b4 Rc3 22. Qd2 Rec8 23. Rfa1 Nh5 24. b5 Bxd4 25. Bxd4 Rc2 0-1

[Event "*** SCC Grand Prix: Titled Tuesday Blitz"]
[Site "Chess.com"]
[Date "2020.06.02"]
[Round "6"]
[White "gui_borba"]
[Black "lukas_111111"]
[Result "0-1"]
[WhiteElo "2318"]
[BlackElo "2535"]
[TimeControl "180+1"]
[EndTime "11:07:54 PDT"]
[Termination "lukas_111111 won by checkmate"]

1. d4 e6 2. e4 d5 3. e5 c5 4. c3 Nc6 5. Nf3 Qb6 6. a3 Nh6 7. b4 cxd4 8. b5 Na5 9. Bxh6 gxh6 10. cxd4 Bd7 11. Nbd2 Rg8 12. Qb1 Rg7 13. g3 Rc8 14. Bd3 Rc3 15. a4 Nc4 16. Ke2 Nxd2 17. Kxd2 Qa5 18. Ke2 Qb4 19. Rc1 Rb3 20. a5 Rxb1 21.
Rcxb1 Qe7 22. Rc1 f6 23. Rc7 Qd8 24. Rac1 f5 25. Rxb7 Qxa5 26. Rcc7 Re7 27. Nd2 Qb4 28. Ke3 h5 29. Be2 Qa3+ 30. Kf4 Bh6# 0-1

[Event "*** SCC Grand Prix: Titled Tuesday Blitz"]
[Site "Chess.com"]
[Date "2020.06.02"]
[Round "6"]
[White "CaspiIsrael"]
[Black "plumalka"]
[Result "1-0"]
[WhiteElo "2588"]
[BlackElo "2412"]
[TimeControl "180+1"]
[EndTime "11:07:55 PDT"]
[Termination "CaspiIsrael won by checkmate"]

1. e4 c5 2. Nf3 d6 3. d4 cxd4 4. Nxd4 Nf6 5. Nc3 Bd7 6. f3 e5 7.
Nb3 a5 8. a4 Bc6 9. Be3 Be7 10.
Qd2 Na6 11. O-O-O Nb4 12. g4 O-O 13. g5 Nh5 14. Rg1 Nf4 15. Bxf4 exf4 16. Qxf4 Qb6 17. Nd4 d5 18. e5 Bc5 19. Bb5 Rae8 20. Rge1 Qc7 21.
Kb1 Ba7 22. Qg3 Bb8 23. f4 Qc8 24. h4 Bd7 25. Bxd7 Qxd7 26. h5 Nc6 27. Ndb5 d4 28. Ne4 Kh8 29. h6 Qf5 30. hxg7+ Kxg7 31. Nbd6 Bxd6 32.
Nxd6 Qd7 33. Qh4 Re6 34. Rh1 Rh8 35. Ne4 Nb4 36. Nf6 Qxa4 37. Qh6# 1-0

[Event "*** SCC Grand Prix: Titled Tuesday Blitz"]
[Site "Chess.com"]
[Date "2020.06.02"]
[Round "6"]
[White "mishikomchedlishvili"]
[Black "Riptide27"]
[Result "1-0"]
[WhiteElo "2774"]
[BlackElo "2598"]
[TimeControl "180+1"]
[EndTime "11:07:56 PDT"]
[Termination "mishikomchedlishvili won by resignation"]

1. d4 Nf6 2. Bg5 g6 3. Nc3 d5 4. e3 c6 5. Nf3 Bg4 6. h3 Bxf3 7. Qxf3 Nbd7 8. O-O-O Qa5 9. Kb1 O-O-O 10. Bf4 Bg7 11. g4 h6 12. Qg3 g5 13. Be5 Nxe5 14. Qxe5 Rd7 15. Bd3 Rg8 16. Qg3 e6 17. Ne2 Bf8 18.
c3 Ne8 19. h4 b5 20. hxg5 hxg5 21. Nc1 Qc7 22. Qf3 a5 23. Rh7 a4 24. Rdh1 Bg7 25. a3 Nf6 26. R7h3 Kb7 27. Bc2 Ka7 28. Nd3 Ne4 29.
Ka2 Rf8 30. Rh7 f5 31. gxf5 exf5 32. Nb4 g4 33. Qe2 Re7 34. Bxe4 Rxe4 35. Nxc6+ Qxc6 36. Rxg7+ Kb6 37. Rhh7 f4 38. Rb7+ Ka6 39. Ra7+ Kb6 40.
Rhb7+ Qxb7 41. Rxb7+ Kxb7 42. Qxb5+ 1-0

[Event "*** SCC Grand Prix: Titled Tuesday Blitz"]
[Site "Chess.com"]
[Date "2020.06.02"]
[Round "6"]
[White "MatyChess1"]
[Black "RobPeresian"]
[Result "1-0"]
[WhiteElo "2578"]
[BlackElo "2377"]
[TimeControl "180+1"]
[EndTime "11:07:56 PDT"]
[Termination "MatyChess1 won by resignation"]

1. e4 e5 2. Nf3 Nc6 3. Bc4 Bc5 4. c3 Nf6 5. d3 d6 6. Bb3 a6 7. h3 Ba7 8. Nbd2 h6 9. Nf1 Be6 10. Bc2 O-O 11. Ng3 Re8 12. Qe2 d5 13. Nh2 Qd7 14. O-O Rad8 15. Qf3 Kh7 16. Re1 dxe4 17. dxe4 Ng8 18. Ng4 g6 19. Nf5 gxf5 20. exf5 Bd5 21.
f6+ Kh8 22. Qg3 Be6 23. Nxe5 Nxf6 24. Nxd7 Rxd7 25. Bxh6 1-0

[Event "*** SCC Grand Prix: Titled Tuesday Blitz"]
[Site "Chess.com"]
[Date "2020.06.02"]
[Round "6"]
[White "dianamirza"]
[Black "mikerahal"]
[Result "0-1"]
[WhiteElo "2004"]
[BlackElo "2262"]
[TimeControl "180+1"]
[EndTime "11:07:58 PDT"]
[Termination "mikerahal won by resignation"]

1. d4 Nf6 2. Nf3 g6 3. c4 Bg7 4.
Nc3 O-O 5. e4 d6 6. Be2 e5 7. d5 a5 8. O-O Na6 9. Bg5 Qe8 10. Nb5 Bd7 11. Qc2 h5 12. a3 Nh7 13.
Bd2 f5 14. Bxa5 b6 15. Bc3 g5 16. Nd2 f4 17. f3 g4 18. b4 Qg6 19. Nb3 Bh6 20. Bd2 Rf7 21. c5 Rg7 22. cxd6 cxd6 23. Nc7 Nxc7 24. Qxc7 gxf3 25. Bxf3 Bh3 26. Rf2 Rxc7 27.
Raf1 Bg4 28. Kh1 Ng5 29. Bxg4 hxg4 0-1

[Event "*** SCC Grand Prix: Titled Tuesday Blitz"]
[Site "Chess.com"]
[Date "2020.06.02"]
[Round "6"]
[White "Goryachkina"]
[Black "BogdanDeac"]
[Result "1/2-1/2"]
[WhiteElo "2650"]
[BlackElo "2922"]
[TimeControl "180+1"]
[EndTime "11:08:00 PDT"]
[Termination "Game drawn by agreement"]

1. d4 Nf6 2. c4 e6 3. Nf3 d5 4. Nc3 Bb4 5. Bg5 h6 6. Bxf6 Qxf6 7. e3 O-O 8. Rc1 dxc4 9. Bxc4 c5 10. O-O cxd4 11.
Ne4 Qe7 12. Nxd4 Ba5 13. Qh5 Bb6 14. Rfd1 Nd7 15. Nb5 Nf6 16. Qe5 Nxe4 17. Qxe4 Rd8 18. h4 Bd7 19. Qxb7 Rab8 20. Qe4 Qb4 21. Nd6 Ba4 22.
b3 Rxd6 23. Rxd6 Qxd6 24. bxa4 Rc8 25. g3 Qc6 26. Qxc6 Rxc6 27. Rc2 Kf8 28. Bb3 Rxc2 1/2-1/2

[Event "*** SCC Grand Prix: Titled Tuesday Blitz"]
[Site "Chess.com"]
[Date "2020.06.02"]
[Round "6"]
[White "Jospem"]
[Black "MYMChessAcademy"]
[Result "1-0"]
[WhiteElo "2861"]
[BlackElo "2439"]
[TimeControl "180+1"]
[EndTime "11:08:00 PDT"]
[Termination "Jospem won on time"]

1. e4 d5 2. exd5 Qxd5 3. Nc3 Qa5 4. d4 Nf6 5. Nf3 Nc6 6. Bb5 Nd5 7. Qd3 a6 8. Bc4 Nxc3 9. bxc3 Bf5 10. Qe3 Bxc2 11. O-O Bg6 12. d5 Na7 13. Ne5 Nc8 14. Bb3 Qb6 15.
Qh3 Qd6 16. Bf4 Nb6 17. c4 Qf6 18. Ba4+ Kd8 19. c5 Qxf4 20. cxb6 Bf5 21. Nxf7+ Kc8 22. Qc3 Rg8 23. Rac1 1-0

[Event "*** SCC Grand Prix: Titled Tuesday Blitz"]
[Site "Chess.com"]
[Date "2020.06.02"]
[Round "6"]
[White "Gerodot71"]
[Black "Matveev_Vladimir"]
[Result "1-0"]
[WhiteElo "2376"]
[BlackElo "2560"]
[TimeControl "180+1"]
[EndTime "11:08:00 PDT"]
[Termination "Gerodot71 won by resignation"]

1. d4 Nf6 2. c4 g6 3. Nc3 Bg7 4.
e4 O-O 5. Be2 d6 6. Be3 e5 7. d5 a5 8. g4 Na6 9. h4 Nc5 10. f3 h5 11. g5 Nh7 12. Qd2 c6 13. Nh3 a4 14. Nf2 cxd5 15. cxd5 Bd7 16. Bb5 Rc8 17. Nd3 Nxd3+ 18. Qxd3 a3 19. O-O-O axb2+ 20. Kxb2 Rxc3 21. Qxc3 Bxb5 22. Rc1 Qa8 23. Qb4 Qa6 24. Rc7 Ra8 25. a3 Bf8 26. Rhc1 Ba4 27. Bd2 Qe2 28. Rxb7 Qxf3 29. Rcc7 Qxe4 30. Qxe4 1-0

[Event "*** SCC Grand Prix: Titled Tuesday Blitz"]
[Site "Chess.com"]
[Date "2020.06.02"]
[Round "6"]
[White "valeriocarnicelli"]
[Black "chessablanca"]
[Result "1-0"]
[WhiteElo "2603"]
[BlackElo "2441"]
[TimeControl "180+1"]
[EndTime "11:08:01 PDT"]
[Termination "valeriocarnicelli won by resignation"]

1. e4 e5 2. Nf3 Nc6 3. d4 exd4 4. Bc4 Bc5 5. c3 Nf6 6. e5 d5 7. Bb5 Ne4 8. cxd4 Bb4+ 9. Bd2 Bxd2+ 10. Nbxd2 O-O 11.
O-O Bg4 12. Bxc6 bxc6 13. h3 Bh5 14. Re1 f5 15. Rc1 Qe8 16. Qc2 Rb8 17. b3 Rb6 18.
Qd3 g5 19. Nh2 Bg6 20. Nxe4 fxe4 21. Qg3 Qe7 22. Ng4 Kg7 23. Nf6 h6 24. h4 gxh4 25. Qxh4 Rxf6 26. exf6+ Qxf6 27. Qg3 Qe7 28. Re3 Ra6 29.
Qf4 Qf7 30. Qe5+ Kh7 31. Rg3 Rxa2 32. Rxc6 Qxf2+ 33. Kh2 Rc2 34. Qxc7+ 1-0

[Event "*** SCC Grand Prix: Titled Tuesday Blitz"]
[Site "Chess.com"]
[Date "2020.06.02"]
[Round "6"]
[White "econpower"]
[Black "MITerryble"]
[Result "0-1"]
[WhiteElo "2639"]
[BlackElo "2821"]
[TimeControl "180+1"]
[EndTime "11:08:05 PDT"]
[Termination "MITerryble won by resignation"]

1. c4 e5 2. g3 Nc6 3. Bg2 g6 4.
Nc3 Bg7 5. e3 d6 6. Nge2 h5 7.
h3 h4 8. g4 f5 9. gxf5 Bxf5 10. d3 Qd7 11. Rb1 a5 12. a3 Nge7 13. b4 axb4 14.
axb4 Nd8 15. e4 Be6 16. b5 c6 17. Bg5 Nf7 18. Be3 g5 19. bxc6 bxc6 20. Qd2 g4 21. hxg4 Bxg4 22. Rg1 Bf6 23. f3 Bh3 24. Bh1 c5 25. f4 Bg4 26. Nd5 Nxd5 27. exd5 h3 28. Ng3 Bh4 29. Bf2 exf4 30. Ne4 Be7 31. Qxf4 Ne5 32. Nf6+ Bxf6 33. Qxf6 Rf8 34. Qh4 Nxd3+ 35.
Kd2 Rxf2+ 36. Kxd3 Ra3+ 0-1

[Event "*** SCC Grand Prix: Titled Tuesday Blitz"]
[Site "Chess.com"]
[Date "2020.06.02"]
[Round "6"]
[White "kintoho"]
[Black "Fighter008"]
[Result "0-1"]
[WhiteElo "2358"]
[BlackElo "2564"]
[TimeControl "180+1"]
[EndTime "11:08:05 PDT"]
[Termination "Fighter008 won by resignation"]

1. e4 c5 2. Nf3 e6 3. c4 a6 4. Nc3 d6 5. d4 cxd4 6. Nxd4 Nf6 7. Be2 Be7 8. O-O Qc7 9. Be3 b6 10. f3 Bb7 11. Qe1 Nbd7 12. Rc1 h5 13. Kh1 h4 14. Qf2 Rc8 15. Bg5 Qb8 16. Bxh4 Ne5 17. Bg3 Nh5 18. Kg1 Nxc4 19. Na4 b5 20. Bxc4 Rxc4 21. Rxc4 bxc4 22. Nb6 Nxg3 23. hxg3 Qc7 24. Na4 Qa5 25. Qc2 Qg5 26.
Kf2 d5 27. exd5 Bxd5 28. b3 cxb3 29. Qc8+ Bd8 30. f4 Qf6 31. Nxb3 Rh2 32. Rg1 g5 33.
Qc3 Qxc3 34. Nxc3 Bb6+ 35. Kf1 Bxg1 36. Kxg1 Rxg2+ 37. Kf1 Rxg3 38. fxg5 0-1

[Event "*** SCC Grand Prix: Titled Tuesday Blitz"]
[Site "Chess.com"]
[Date "2020.06.02"]
[Round "6"]
[White "Guenplen"]
[Black "szachuspl"]
[Result "1-0"]
[WhiteElo "2901"]
[BlackElo "2525"]
[TimeControl "180+1"]
[EndTime "11:08:06 PDT"]
[Termination "Guenplen won by resignation"]

1. d4 Nf6 2. Bf4 g6 3. Nc3 d5 4. e3 Bg7 5. h4 O-O 6. h5 c5 7. hxg6 hxg6 8. Nf3 Bg4 9. Be2 Bxf3 10. Bxf3 cxd4 11. exd4 Nc6 12. Qd2 Ne4 13. Bxe4 dxe4 14. d5 Nd4 15. Bh6 e3 16. fxe3 Nf5 17.
Bxg7 Kxg7 18. e4 Rh8 19. O-O-O Nd6 20. e5 Nf5 21. g4 Nh6 22. Qf4 Qd7 23. Rh4 f6 24. g5 fxg5 25. Qxg5 Nf5 26. Rg4 Rh6 27. e6 1-0

[Event "*** SCC Grand Prix: Titled Tuesday Blitz"]
[Site "Chess.com"]
[Date "2020.06.02"]
[Round "6"]
[White "joksijoksi"]
[Black "Arek_pacitan"]
[Result "0-1"]
[WhiteElo "2338"]
[BlackElo "2538"]
[TimeControl "180+1"]
[EndTime "11:08:07 PDT"]
[Termination "Arek_pacitan won by resignation"]

1. d4 Nf6 2. c4 e6 3. Nc3 d5 4. Nf3 c5 5. cxd5 exd5 6. g3 Nc6 7. Bg2 cxd4 8. Nxd4 Bc5 9. Nxc6 bxc6 10. O-O O-O 11. b3 Re8 12. Bb2 Ba6 13. Bf3 Qe7 14.
Na4 Bb4 15. Rc1 Rac8 16. a3 Bxa3 17. Bxa3 Qxa3 18. Nc5 Bb5 19. Qd4 Qa5 20. g4 Qb6 21. g5 Ne4 22. b4 Nxg5 23. Bg4 Rcd8 24. f3 Ne6 25. Bxe6 fxe6 26. Rf2 e5 27. Qg4 Qc7 28. Rg2 Qf7 29. Kh1 Re7 30. Rcg1 Kh8 31. Rg3 Rg8 32. Rh3 g6 33. Rh4 Bxe2 34. Rg3 e4 35. Rgh3 Bxf3+ 0-1

[Event "*** SCC Grand Prix: Titled Tuesday Blitz"]
[Site "Chess.com"]
[Date "2020.06.02"]
[Round "6"]
[White "RianKapriaga"]
[Black "Manukyan_Artak"]
[Result "0-1"]
[WhiteElo "2181"]
[BlackElo "2347"]
[TimeControl "180+1"]
[EndTime "11:08:07 PDT"]
[Termination "Manukyan_Artak won by resignation"]

1. d4 c6 2. Nf3 d5 3. Bf4 Nf6 4. e3 Bf5 5. c4 e6 6. Qb3 Nbd7 7. Nc3 Ne4 8. h3 Qb6 9. c5 Qxb3 10.
axb3 a6 11. b4 Rc8 12. g4 Nxc3 13. bxc3 Be4 14. Bg2 f6 15. O-O g5 16. Bg3 h5 17.
Nd2 Bxg2 18. Kxg2 hxg4 19. hxg4 Bg7 20. Nb3 e5 21. Na5 Rc7 22. Rh1 Kf7 23. Rxh8 Bxh8 24. Rh1 Bg7 25. f4 gxf4 26. exf4 exd4 27. cxd4 Nf8 28. f5 Re7 29. Re1 Rd7 30. Bf4 Nh7 31. Kf3 Ng5+ 32. Bxg5 fxg5 33. Nb3 Bf6 34. Re5 Bxe5 35.
dxe5 Rd8 36. Nd4 Rh8 37. Ne6 Rh3+ 38. Kf2 Rb3 39. Nxg5+ Kf8 40. f6 Rxb4 41. Kf3 a5 42. e6 a4 43. e7+ Ke8 44. Ne6 Re4 45. Nc7+ Kd7 46. e8=Q+ Rxe8 47. Nxe8 Kxe8 48. g5 a3 49. g6 a2 50. f7+ Kf8 51. Kf4 a1=Q 52. Kf5 Qg7 0-1

[Event "*** SCC Grand Prix: Titled Tuesday Blitz"]
[Site "Chess.com"]
[Date "2020.06.02"]
[Round "6"]
[White "Radzio1987"]
[Black "GothamChess"]
[Result "1-0"]
[WhiteElo "2899"]
[BlackElo "2618"]
[TimeControl "180+1"]
[EndTime "11:08:08 PDT"]
[Termination "Radzio1987 won on time"]

1. c4 b6 2. Nc3 Bb7 3. d4 e6 4. Bf4 Bb4 5. e3 f5 6. Ne2 Nf6 7. a3 Be7 8. d5 O-O 9. Nd4 Qc8 10. Be2 Na6 11. O-O Nc5 12. Bf3 Nce4 13. Bxe4 fxe4 14. dxe6 dxe6 15. Ndb5 Ne8 16. Qg4 c5 17. a4 a6 18. Na3 Nf6 19. Qh3 Kh8 20. a5 bxa5 21. Nab1 Qe8 22. Nd2 Bc8 23. Bg5 e5 24. Qh4 Qg6 25.
Ndxe4 Bb7 26. f3 Nxe4 27. Bxe7 Nxc3 28. Bxf8 Ne2+ 29. Kh1 Rxf8 30. Qe7 Qf7 31. Qxf7 Rxf7 32. Rf2 e4 33. f4 1-0

[Event "*** SCC Grand Prix: Titled Tuesday Blitz"]
[Site "Chess.com"]
[Date "2020.06.02"]
[Round "6"]
[White "WelshTiger"]
[Black "stolencandy13"]
[Result "0-1"]
[WhiteElo "2369"]
[BlackElo "2566"]
[TimeControl "180+1"]
[EndTime "11:08:08 PDT"]
[Termination "stolencandy13 won by resignation"]

1. e4 c6 2. d4 d5 3. Nd2 dxe4 4. Nxe4 Bf5 5. Ng3 Bg6 6. Nh3 Nf6 7. Bc4 e6 8. Nf4 Bd6 9. c3 Nbd7 10. Qf3 Qc7 11. Bd2 O-O-O 12. O-O-O Nb6 13. Bb3 Nbd5 14. Nxg6 hxg6 15. h4 Bf4 16. Ne4 Nxe4 17. Qxe4 Bxd2+ 18. Rxd2 Qe7 19. g3 g5 20. hxg5 Qxg5 21. Rxh8 Rxh8 22.
Qf3 Nf6 23. Bc2 Rh2 24. Bd3 Ng4 25.
Kc2 Qxd2+ 26. Kxd2 Rxf2+ 27. Qxf2 Nxf2 28. Bc2 Ng4 29. Kd3 Kd7 30. c4 b6 31. Ke4 c5 32.
dxc5 bxc5 33. a3 a5 34. Bd1 Nf2+ 0-1

[Event "*** SCC Grand Prix: Titled Tuesday Blitz"]
[Site "Chess.com"]
[Date "2020.06.02"]
[Round "6"]
[White "chesslh19"]
[Black "Sunnika"]
[Result "0-1"]
[WhiteElo "2180"]
[BlackElo "2400"]
[TimeControl "180+1"]
[EndTime "11:08:08 PDT"]
[Termination "Sunnika won on time"]

1. e4 e6 2. d4 d5 3. Nd2 Nf6 4. e5 Nfd7 5. Bd3 c5 6. c3 Nc6 7. Ne2 cxd4 8. cxd4 f6 9. exf6 Qxf6 10.
Nf3 h6 11. O-O Bd6 12. Ng3 O-O 13. Re1 a6 14. a3 Rf7 15. Be3 Nf8 16. Rc1 Bd7 17.
b4 Be8 18. Qb3 Rc7 19. Rc2 Rac8 20. Rec1 Bg6 21. Bxg6 Nxg6 22. a4 Nf4 23. b5 Na5 24. Qa2 Nc4 25. Bxf4 Bxf4 26. Nh5 Qf7 27. Nxf4 Qxf4 28.
Ne5 Qxd4 29. Nxc4 Rxc4 30. Rxc4 Rxc4 31. Rf1 Rxa4 32. Qb3 Rb4 33. Qh3 Qg4 34. Qe3 Rxb5 35. Qe5 Qf5 36. Qb8+ Kh7 37. h3 d4 38. Rc1 Rb1 39.
Rxb1 Qxb1+ 40. Kh2 Qe4 41. g3 d3 42. Qd6 Qd5 43. Qa3 d2 0-1

[Event "*** SCC Grand Prix: Titled Tuesday Blitz"]
[Site "Chess.com"]
[Date "2020.06.02"]
[Round "6"]
[White "checkmatequen"]
[Black "Omk124"]
[Result "0-1"]
[WhiteElo "2260"]
[BlackElo "2441"]
[TimeControl "180+1"]
[EndTime "11:08:10 PDT"]
[Termination "Omk124 won by checkmate"]

1. e4 g6 2. d4 Bg7 3. Nc3 c6 4.
Be3 d5 5. Nf3 dxe4 6. Nxe4 Bf5 7.
Ng3 Bg4 8. Be2 Nf6 9. h3 Bxf3 10. Bxf3 O-O 11. Qd2 Re8 12. O-O-O Nd5 13. Bh6 Bh8 14. h4 Nd7 15. h5 b5 16. Bxd5 cxd5 17. f4 e6 18. f5 exf5 19. Nxf5 gxf5 20. Rh3 Bf6 21. Qf4 Qb6 22. Qxf5 Qe6 23. Qf4 Kh8 24. g4 Qe4 25.
Qd6 Qxg4 26. Rg3 Qxh5 27. Bf4 Qf5 28. Rh1 Re6 29. Qc7 Rae8 30. Bd2 Nb6 31. Rgh3 Nc4 32.
Rxh7+ Qxh7 33. Rxh7+ Kxh7 34. Qxf7+ Kh8 35. Qh5+ Kg8 36.
Qxd5 Kg7 37. Qb7+ R8e7 38. Qg2+ Kf7 39. b3 Re1+ 40. Bxe1 Rxe1# 0-1

[Event "*** SCC Grand Prix: Titled Tuesday Blitz"]
[Site "Chess.com"]
[Date "2020.06.02"]
[Round "6"]
[White "CyberneticLion"]
[Black "talaicito"]
[Result "1-0"]
[WhiteElo "2389"]
[BlackElo "2126"]
[TimeControl "180+1"]
[EndTime "11:08:10 PDT"]
[Termination "CyberneticLion won by resignation"]

1. e4 e5 2. Nf3 Nc6 3. d4 exd4 4.
Nxd4 Qf6 5. Be3 Bc5 6. c3 Nge7 7. Bc4 d6 8. O-O Ne5 9. Be2 O-O 10. f4 N5c6 11.
Nc2 Bb6 12. Nba3 Qe6 13. Qd3 d5 14. e5 Qf5 15. Bxb6 Qxd3 16. Bxd3 axb6 17. Nb5 Bf5 18. Bxf5 Nxf5 19. Nxc7 Rad8 20. Rad1 d4 21. cxd4 Ncxd4 22. Nxd4 Nxd4 23. Kf2 Rd7 24. Nb5 Rfd8 25. Nxd4 Rxd4 26.
Rxd4 Rxd4 27. Ke3 Rc4 28. Rd1 g6 29. g3 Kf8 30. Rd6 Rb4 31. b3 Ke7 32. Rd4 Rb5 33. b4 Ke6 34. a3 Rd5 35. Ke4 b5 36. Rxd5 f5+ 37. exf6 1-0

[Event "*** SCC Grand Prix: Titled Tuesday Blitz"]
[Site "Chess.com"]
[Date "2020.06.02"]
[Round "6"]
[White "DiamondCrusher22"]
[Black "fridaywins"]
[Result "0-1"]
[WhiteElo "1971"]
[BlackElo "2229"]
[TimeControl "180+1"]
[EndTime "11:08:10 PDT"]
[Termination "fridaywins won by resignation"]

1. e4 e5 2. Nf3 Nc6 3. Bb5 a6 4. Ba4 Nf6 5. O-O Be7 6. Re1 b5 7.
Bb3 d6 8. c3 O-O 9. d4 Bg4 10. d5 Na5 11. Bc2 c5 12. h3 Bd7 13.
Nbd2 c4 14. Nf1 Nb7 15. Ng3 Nc5 16. b4 cxb3 17. axb3 a5 18. Be3 Qc7 19. Qe2 Rfc8 20.
Rec1 a4 21. bxa4 bxa4 22. Qc4 Nb3 23. Bxb3 axb3 24. Qxb3 Rxa1 25. Rxa1 Qxc3 26. Qxc3 Rxc3 27. Ra8+ Rc8 28. Rxc8+ Bxc8 29. Kf1 g6 30. Ke1 h5 31. Kd2 h4 32. Nxh4 Nxd5 33. exd5 Bxh4 34. Ne4 Be7 35. Bg5 Bf8 36. Nf6+ Kg7 37. Ke3 Be7 38. Ne8+ Kf8 39.
Bxe7+ Kxe7 40. Nc7 Bb7 41. Ke4 f5+ 42. Kd3 Kd7 43. Nb5 Bxd5 44. f3 Bc6 45. Nc3 d5 46.
Kd2 Kd6 47. Ne2 d4 48. Kd3 Bb5+ 49. Kd2 Bxe2 50. Kxe2 Kd5 51. Kd2 e4 52. fxe4+ fxe4 53. g4 Ke5 54. h4 Kf4 55. h5 gxh5 56. gxh5 Kg5 0-1

[Event "*** SCC Grand Prix: Titled Tuesday Blitz"]
[Site "Chess.com"]
[Date "2020.06.02"]
[Round "6"]
[White "AliKa2810"]
[Black "VMikhalevski"]
[Result "0-1"]
[WhiteElo "2582"]
[BlackElo "2745"]
[TimeControl "180+1"]
[EndTime "11:08:11 PDT"]
[Termination "VMikhalevski won by resignation"]

1. d4 Nf6 2. c4 g6 3. Nc3 d5 4.
Bg5 Bg7 5. Bxf6 Bxf6 6. cxd5 c5 7. dxc5 O-O 8. Rc1 Nd7 9. c6 Nb6 10. e4 bxc6 11. dxc6 Be6 12. Ba6 Qc7 13. Nge2 Rad8 14.
Qc2 Bg5 15. Rd1 Qxc6 16. O-O Bf6 17. Rc1 Qd6 18. Rfd1 Qe5 19. b3 Qa5 20. Bb7 Bg4 21.
Nd5 Nxd5 22. Bxd5 Rc8 23. Bc4 Kg7 24. h3 Be6 25. Nf4 Bxc4 26. bxc4 e6 27. Nd3 Rfd8 28. c5 Rd4 29. e5 Be7 30. c6 Ba3 31. Rb1 Qd5 32.
Qa4 Rxa4 0-1